 Dungeon Sprint DCSS version 0.28.0 (webtiles) character file.

Game seed: 1275518134712467978

84 rocky1 the Covered (level 4, 0/32 HPs)
             Began as a Gargoyle Fighter on Feb 12, 2022.
             Slain by a human (8 damage)
             ... in the Dungeon (Sprint III: "The Ten Rune Challenge").
             The game lasted 00:00:35 (77 turns).

rocky1 the Covered (Gargoyle Fighter)                 Turns: 77, Time: 00:00:35

Health: 0/32       AC: 11    Str: 21    XL:     4   Next: 45%
Magic:  4/4        EV:  9    Int:  9    God:
Gold:   24         SH:  5    Dex:  9    Spells: 3/3 levels left

rFire   . . .      SeeInvis .   a - +0 flail
rCold   . . .      Faith    .   c - +0 buckler
rNeg    + . .      Spirit   .   b - +0 scale mail
rPois   ∞          Reflect  .   (no helmet)
rElec   +          Harm     .   (no cloak)
rCorr   .          Rampage  .   (no gloves)
Will    .....      NoTele   +   (no boots)
Stlth   ..........              (no amulet)
HPRegen 0.10/turn               (no ring)
MPRegen 0.09/turn               (no ring)

@: no status effects
A: sickness immunity, AC +3, negative energy resistance 1, electricity
resistance, torment resistance 1, petrification resistance
a: no special abilities


You were in the Dungeon.
You visited 1 branch You collected 24 gold pieces.

Inventory:

Hand Weapons
 a - a +0 flail (weapon)
Armour
 b - a +0 scale mail (worn)
 c - a +0 buckler (worn)
Scrolls
 j - a scroll of blinking
Potions
 d - a potion of might
 e - a potion of curing
 f - a potion of heal wounds
 g - a potion of haste
 h - 2 potions of magic
 i - a potion of berserk rage


   Skills:
 + Level 5.7 Fighting
 + Level 4.0 Maces & Flails
 + Level 5.9 Armour
 + Level 5.7 Shields


You had 3 spell levels left.
You didn't know any spells.
Your spell library was empty.

Dungeon Overview and Level Annotations

Branches:
Dungeon (1/1)

Altars:


Innate Abilities, Weirdness & Mutations

You are immune to sickness and miasma.
Your stone body is resilient. (AC +3)
You are immune to poison.
You resist negative energy. (rN+)
You are resistant to electric shocks. (rElec)
You are resistant to unholy torment.
You are immune to petrification.


Message History

The human is lightly wounded.
The human hits you but does no damage.
You miss the human.
The human is lightly wounded.
The human hits you but does no damage.
You barely miss the human.
The human is lightly wounded.
The human closely misses you.
You hit the human.
The human is moderately wounded.
You block the human's attack.
You barely miss the human.
The human is moderately wounded.
The human hits you but does no damage. The human hits you.
You hit the human.
The human is moderately wounded.
The human hits you but does no damage.
You barely miss the human.
The human is moderately wounded.
The human barely misses you.
You barely miss the human.
The human is moderately wounded.
The human hits you but does no damage.
You miss the human.
The human is moderately wounded.
You block the human's attack. The human hits you.
You hit the human.
The human is moderately wounded.
The human misses you.
You sock the human!
The human is severely wounded.
The human hits you!
You thump the human!
The human is almost dead.
The human hits you.
* * * LOW HITPOINT WARNING * * *
You miss the human.
The human is almost dead.
The human hits you!
You die...

▓...#......##
▓..##.).....# ..#
▓##.##.##...# ..#
##.##.###..# #..#
▓#.####.##..# ...+
▓.###..##..## #...#
▓#.....##..###....#
###†.##...##.....#
##..##...@#.p....#
#..###..##p#.....#
#..# #.. ####....#
▓▓▓▓ ▓▓▓ ▓▓▓▓▓


You could see a human.

Vanquished Creatures
  A scorpion (D)
  Jessica (D)
  3 rats (D)
5 creatures vanquished.

Notes
Turn   | Place    | Note
-------+----------+-------------------------------------------
     0 | D        | rocky1 the Gargoyle Fighter began the quest for the Orb.
     0 | D        | Reached XP level 1. HP: 14/14 MP: 1/1
    30 | D        | Noticed Jessica
    38 | D        | Killed Jessica
    39 | D        | Reached XP level 2. HP: 20/20 MP: 2/2
    39 | D        | Reached XP level 3. HP: 24/24 MP: 3/3
    56 | D        | Noticed a scorpion
    63 | D        | Killed a scorpion
    64 | D        | Reached skill level 5 in Fighting
    64 | D        | Reached skill level 5 in Armour
    64 | D        | Reached skill level 5 in Shields
    64 | D        | Reached XP level 4. HP: 22/32 MP: 4/4
    77 | D        | Slain by a human

Illustrated notes

Levels and vault maps discovered:
D:        dungeon_sprint_mu [sprint_mu_entry_cave, sprint_mu_temple_rooms,
          sprint_mu_d1_spiders, sprint_mu_d2_genie, sprint_mu_d3_branching,
          sprint_mu_orc_legion, sprint_mu_elf_gauntlet, sprint_mu_hive_nellie,
          sprint_mu_lair_fedhas, sprint_mu_vaults_butterflies,
          sprint_mu_slime_circle, sprint_mu_shoals_archi,
          sprint_mu_snake_twists, sprint_mu_blade_basic,
          sprint_mu_crypt_fortress, sprint_mu_tomb_spiral,
          sprint_mu_vestibule_basic, sprint_mu_gehenna_hellfire,
          sprint_mu_dis_giant, sprint_mu_tartarus_statrot,
          sprint_mu_cocytus_islands, sprint_mu_zot1]

Skill      XL: |  1  2  3 |
---------------+----------+-----
Fighting       | 4 5 |  5.7
Maces & Flails | 3 4 |  4.0
Armour         | 4 5 |  5.9
Shields        | 4 5 |  5.7

Action                   |  1- 3 |  4- 6 || total
-------------------------+-------+-------++-------
Melee: Flail             |    18 |    14 ||    32
Armor: Scale mail        |     5 |     5 ||    10
Dodge: Dodged            |    11 |     5 ||    16
Block: Buckler           |     3 |     2 ||     5
